 Dungeon Crawl Stone Soup version 0.30-a0-778-g2ef04afb54 (webtiles) character file.

Game seed: 11215994813965893476

599 cforsyth the Summoner (level 7, -2/36 HPs)
             Began as a Tengu Summoner on Feb 16, 2023.
             Was an Initiate of Gozag.
             Slain by an orc priest
             ... wielding a +0 club
              (4 damage)
             ... on level 4 of the Dungeon.
             The game lasted 00:11:10 (5199 turns).

cforsyth the Summoner (Tengu Summoner)              Turns: 5199, Time: 00:11:11

Health: -2/36      AC:  4    Str:  9    XL:     7   Next: 41%
Magic:  13/16      EV: 14    Int: 17    God:    Gozag
Gold:   170        SH:  0    Dex: 14    Spells: 10/16 levels left

rFire   . . .      SeeInvis .    (no weapon)
rCold   . . .      Faith    .    (no shield)
rNeg    + . .      Spirit   .    l - +2 robe {rN+}
rPois   .          Reflect  .    (helmet restricted)
rElec   .          Harm     .    (no cloak)
rCorr   .          Rampage  .    (no gloves)
Will    .....                    (boots unavailable)
Stlth   ++                       (no amulet)
HPRegen 0.26/turn                (no ring)
MPRegen 0.15/turn                (no ring)

@: gold aura, flying quickly and evasively, quick
A: beak, talons 3, nimble flight
a: Renounce Religion, Potion Petition, Call Merchant, Bribe Branch


You were on level 4 of the Dungeon.
You worshipped Gozag.
Gozag was aware of your devotion.
You visited 2 branches of the dungeon, and saw 5 of its levels.
You also visited: Sewer.

You collected 241 gold pieces.
You paid 71 gold pieces to Gozag.

Inventory:

Armour
 l - a +2 robe of positive energy (worn)
Jewellery
 m - a ring of protection from fire
Scrolls
 d - a scroll of noise {unknown}
 e - 3 scrolls of immolation
 h - a scroll of enchant weapon {unknown}
 i - a scroll of fog {unknown}
 j - a scroll of poison {unknown}
 o - 3 scrolls of identify
 p - 2 scrolls of butterflies {unknown}
 q - 2 scrolls of fear {unknown}
Potions
 a - 2 potions of haste
 b - 3 potions of magic
 c - 2 potions of heal wounds
 f - a potion of brilliance {unknown}
 g - 2 potions of attraction {unknown}
 k - 2 potions of mutation {unknown}
 n - a potion of degeneration {unknown}
 r - a potion of curing {unknown}
 s - a potion of resistance {unknown}


   Skills:
 - Level 2.1 Dodging
 - Level 2.0 Stealth
 + Level 5.3 Spellcasting
 + Level 8.1 Summonings


You had 10 spell levels left.
You knew the following spells:

 Your Spells              Type           Power      Damage    Failure   Level
a - Summon Small Mammal   Summ           100%       N/A       1%          1
b - Call Imp              Summ           32%        N/A       1%          2
c - Call Canine Familiar  Summ           32%        N/A       1%          3

Your spell library contained the following spells:

 Spells                   Type           Power      Damage    Failure   Level
 Summon Guardian Golem    Hex/Summ       18%        N/A       8%          3
 Slow                     Hex            16%        N/A       14%         1
 Blink                    Tloc           8%         N/A       21%         2
 Lesser Beckoning         Tloc           8%         N/A       21%         2
 Momentum Strike          Conj/Tloc      8%         3d8       21%         2
 Summon Lightning Spire   Summ/Air       18%        N/A       26%         4
 Confusing Touch          Hex            4%         N/A       38%         3
 Portal Projectile        Hex/Tloc       8%         N/A       38%         3
 Tukima's Dance           Hex            4%         N/A       38%         3
 Vampiric Draining        Necr           4%         2d6       38%         3
 Blade Hands              Tmut           2%         N/A       98%         5


Dungeon Overview and Level Annotations

Branches:
Dungeon (4/15)             Temple (1/1) D:4           Sewer (visited)

Altars:
Ashenzari
Dithmenos
Elyvilon
Fedhas
Gozag
Hepliaklqana
Kikubaaqudgha
Nemelex Xobeh
Ru
Sif Muna
Trog
Uskayaw
Vehumet
Wu Jian
Xom
Yredelemnul
Zin
The Shining One


Innate Abilities, Weirdness & Mutations

You have a beak for a mouth.
You have claws for feet.
Your magical nature lets you fly swiftly and evasively.


Message History

The orc wizard points at you and mumbles some strange words.
The puff of flame hits your bat!
Your bat dies!
Your bat's corpse disappears in a puff of smoke!
The orc hits your hound with a +0 flail.
Your hound cocks its head sideways at you.
Your hound bites the orc.
The orc priest looks braver for a moment.
Your hound barely misses the orc.
The orc wizard hits your hound with a +0 dagger.
The orc misses your hound. Something misses your crimson imp.
Your crimson imp hits the orc wizard but does no damage.
Your hound bites the orc wizard.
The orc priest mumbles some strange prayers to Beogh against you.
Beogh smites you!
Your hound closely misses the orc wizard.
The orc wizard gestures at you while chanting.
The magic dart hits your rat!
Your rat dies!
Your rat's corpse disappears in a puff of smoke!
The orc barely misses your crimson imp.
Your crimson imp hits the orc.
Your hound barely misses the orc wizard.
The orc wizard points at you and mumbles some strange words.
The puff of flame hits you! The orc misses your crimson imp.
Your crimson imp hits the orc.
The orc dies!
Your hound bites the orc wizard.
The orc wizard points at you and mumbles some strange words.
The puff of flame hits you.
* * * LOW HITPOINT WARNING * * *
Your hound closely misses the orc wizard.
Your crimson imp barely misses the orc wizard.
Your hound barely misses the orc wizard.
The orc wizard casts a spell at you. The magic dart hits you.
* * * LOW HITPOINT WARNING * * *
The orc priest hits you with a +0 club.
You die...
Your body crumbles into a pile of gold.

### ## ##.#####.. #.
###.@....... #.
##..#.o...... ##
########..##.h...... #
..........###o5......
# ..........#
#$.......
...........####.......
..............#
#......
.............## ######
.............#


You could see an orc priest, an orc wizard (ally target), a friendly hound
(summoned) and a friendly crimson imp (summoned).

Vanquished Creatures
  A hobgoblin (D:3)
1 creature vanquished.

Vanquished Creatures (collateral kills)
  A sky beast (D:4)
  2 kobold brigands (Sewer)
  A bullfrog (D:4)
  A scorpion (D:4)
  4 gnolls (D:3)
  5 adders
  3 river rats (Sewer)
  4 worms
  2 dart slugs
  7 orcs
  12 endoplasms
  2 giant cockroaches
  10 goblins
  4 hobgoblins
  12 jackals
  4 quokkas
  13 ball pythons
  6 bats
  A frilled lizard (D:2)
  12 kobolds
  12 rats
118 creatures vanquished.

Grand Total: 119 creatures vanquished

Notes
Turn   | Place    | Note
-------+----------+-------------------------------------------
     0 | D:1      | cforsyth the Tengu Summoner began the quest for the Orb.
     0 | D:1      | Reached XP level 1. HP: 10/10 MP: 4/4
    91 | D:1      | Reached skill level 5 in Summonings
   242 | D:1      | Reached XP level 2. HP: 15/15 MP: 3/6
   245 | D:1      | Learned a level 2 spell: Call Imp
   844 | D:1      | Reached XP level 3. HP: 19/19 MP: 2/7
   848 | D:1      | Learned a level 3 spell: Call Canine Familiar
  1257 | D:2      | Identified the +0 leather armour of Inference {-Tele +Inv
                  | rN+++}
  1702 | D:2      | Found a white marble altar of Elyvilon.
  1920 | D:2      | Reached XP level 4. HP: 24/24 MP: 1/9
  2211 | D:3      | Found a faded altar of an unknown god.
  2332 | D:3      | Found a hazy altar of Hepliaklqana.
  2407 | D:3      | Reached skill level 6 in Summonings
  2848 | D:3      | Found a bloodstained altar of Trog.
  2884 | D:3      | Gained mutation: Your magical nature lets you fly swiftly
                  | and evasively. [Tengu growth]
  2884 | D:3      | Reached XP level 5. HP: 28/28 MP: 11/11
  3512 | D:4      | Found a staircase to the Ecumenical Temple.
  3517 | D:4      | Reached XP level 6. HP: 9/32 MP: 5/13
  3539 | Temple   | Entered the Ecumenical Temple
  3863 | D:4      | Reached skill level 7 in Summonings
  3977 | D:4      | Found a glowing drain.
  3994 | Sewer    | Entered a sewer
  4558 | Sewer    | Reached skill level 5 in Spellcasting
  4558 | Sewer    | Reached XP level 7. HP: 24/36 MP: 3/15
  4937 | D:4      | Reached skill level 8 in Summonings
  5002 | D:4      | Found a shimmering altar of Xom.
  5004 | D:4      | Found a broken altar of Ashenzari.
  5004 | D:4      | Found an opulent altar of Gozag.
  5043 | D:4      | Became a worshipper of Gozag Ym Sagoz the Greedy
  5199 | D:4      | Slain by an orc priest

Illustrated notes

Levels and vault maps discovered:
D:1:      dpeg_arrival_tiny_e, layout_loops_cross
D:2:      layout_loops_corners, basic_altar, minmay_pentomino_pile
D:3:      layout_basic, trog_hazing_becter, nzn_hepliaklqana_mist_gate,
          ebering_ecumenical_altar_webs
D:4:      layout_cave_pods, chequers_temple_overflow_statue_of_worship,
          minmay_temple_entry_junction_2, portal_sewer_entry_b
Temple:   oiseaux_autumnal_temple

Skill      XL: |  1  2  3  4  5  6  7 |
---------------+----------------------+-----
Summonings     | 5 6 7 8 |  8.1
Spellcasting   | 3 4 5 |  5.3
Dodging        | |  2.1
Stealth        | |  2.0

Action                     |  1- 3 |  4- 6 |  7- 9 || total
---------------------------+-------+-------+-------++-------
  Melee: Unarmed           |     6 |     3 |       ||     9
         Punch             |     1 |     1 |       ||     2
         Peck              |     1 |       |       ||     1
         Kick              |     1 |     2 |       ||     3
   Cast: Summon Small Mamm |    42 |    24 |    14 ||    80
         Call Imp          |    14 |    13 |     8 ||    35
         Call Canine Famil |     6 |    27 |     5 ||    38
    Use: Scroll            |       |     3 |       ||     3
         Potion            |       |     1 |       ||     1
 Armour: Robe              |    12 |    13 |     1 ||    26
  Dodge: Dodged            |    66 |    53 |     6 ||   125

Table legend: (Time is in decaauts)
 A = Elapsed time spent in this place.
 B = Non-inter-level travel time spent in this place.
 C = Inter-level travel time spent in this place.
 D = Time resting spent in this place.
 E = Time spent auto-exploring this place.
 F = Levels seen in this place.
 G = Mean time per level.
                   A        B        C        D        E       F      G
               +--------+--------+--------+--------+--------+-----+--------+
         Total |   5081 |   4935 |    146 |      0 |   3583 |   6 |  846.8 |
       Dungeon |   4124 |   4006 |    118 |      0 |   2938 |   4 | 1031.0 |
        Temple |    286 |    258 |     28 |      0 |    247 |   1 |  286.0 |
         Sewer |    669 |    669 |      0 |      0 |    397 |   1 |  669.0 |
               +--------+--------+--------+--------+--------+-----+--------+

Top non-repeatable levels by time:
     D:3: 1250 daAuts
     D:2: 1134 daAuts
     D:1: 1073 daAuts
   Sewer: 669 daAuts
     D:4: 667 daAuts
  Temple: 286 daAuts
